 Dungeon Crawl Stone Soup version 0.27-a0-1189-gb8eb6cee8e (webtiles) character file.

Game seed: 10222260311522682425

11323 bande the Cleaver (level 11, -3/67 HPs)
             Began as a Gargoyle Fighter on May 23, 2021.
             Was a Priest of Okawaru.
             Slain by an eight-headed hydra (9 damage)
             ... on level 1 of the Lair of Beasts.
             The game lasted 00:22:09 (12963 turns).

bande the Cleaver (Gargoyle Fighter)               Turns: 12963, Time: 00:22:10

Health: -3/67      AC: 28    Str: 23    XL:     11   Next: 75%
Magic:  13/13      EV:  6    Int:  8    God:    Okawaru [***...]
Gold:   933        SH: 12    Dex: 10    Spells: 10/10 levels left

rFire    . . .     SeeInvis .   B - +2 hand axe (flame)
rCold    . . .     Faith    .   c - +1 kite shield
rNeg     + . .     Spirit   .   w - +0 plate armour
rPois    ∞         Reflect  .   (no helmet)
rElec    +         Harm     .   E - +0 cloak
rCorr    .         Rampage  .   x - +0 pair of gloves
Will     +....                  (no boots)
Stlth    ..........             (no amulet)
HPRegen  0.21/turn              j - ring of willpower
MPRegen  0.13/turn              h - +4 ring of protection

@: very slow
A: sickness immunity, AC +8, negative energy resistance 1, electricity
resistance, torment resistance 1, petrification resistance
a: Renounce Religion, Heroism


You were on level 1 of the Lair of Beasts.
You worshipped Okawaru.
Okawaru was most pleased with you.
You visited 3 branches of the dungeon, and saw 12 of its levels.
You also visited: Sewer and Ossuary.

You collected 933 gold pieces.

Inventory:

Hand Weapons
 a - a +1 war axe of freezing
 v - a +0 flail
 B - a +2 hand axe of flaming (weapon)
Missiles
 p - 16 throwing nets (quivered)
 z - 4 curare-tipped darts
Armour
 c - a +1 kite shield (worn)
 w - a +0 plate armour (worn)
 x - a +0 pair of gloves (worn)
 E - a +0 cloak (worn)
Jewellery
 h - a +4 ring of protection (right hand)
 i - a ring of flight
 j - a ring of willpower (left hand)
 l - a ring of willpower
 K - a ring of magical power
Wands
 g - a wand of charming (5)
 y - a wand of polymorph (4)
 G - a wand of flame (17)
Scrolls
 m - 2 scrolls of enchant armour
 n - a scroll of brand weapon
 q - 4 scrolls of teleportation
 A - 4 scrolls of enchant weapon
 C - 4 scrolls of blinking
 D - 2 scrolls of amnesia
 H - a scroll of silence
 I - a scroll of fear
 J - a scroll of acquirement {unknown}
Potions
 b - 4 potions of ambrosia
 d - 3 potions of might
 e - 3 potions of brilliance
 f - 4 potions of magic
 k - 3 potions of haste
 o - 11 potions of curing
 r - 5 potions of flight
 s - 3 potions of heal wounds
 t - 3 potions of mutation
 u - 3 potions of cancellation
 F - 3 potions of degeneration {unknown}


   Skills:
 + Level 7.4 Fighting
 + Level 10.2 Axes
 + Level 8.6 Armour
 - Level 2.8 Dodging
 + Level 9.3 Shields
 * Level 3.5 Invocations
 * Level 5.8 Evocations


You had 10 spell levels left.
You didn't know any spells.
Your spell library contained the following spells:

 Spells                   Type           Power      Damage    Failure   Level
 Beastly Appendage        Tmut           0%         N/A       100%        1
 Corona                   Hex            0%         N/A       100%        1
 Ensorcelled Hibernation  Hex/Ice        0%         N/A       100%        2
 Wereblood                Tmut           0%         N/A       100%        2
 Confusing Touch          Hex            0%         N/A       100%        3
 Dazzling Flash           Conj/Hex       0%         N/A       100%        3
 Gell's Gravitas          Tloc           0%         N/A       100%        3
 Spider Form              Tmut/Pois      0%         N/A       100%        3
 Tukima's Dance           Hex            0%         N/A       100%        3
 Ice Form                 Ice/Tmut       0%         N/A       100%        4
 Petrify                  Tmut/Erth      0%         N/A       100%        4
 Hydra Form               Tmut           0%         N/A       100%        5
 Metabolic Englaciation   Hex/Ice        0%         N/A       100%        5
 Yara's Violent Unravell  Hex/Tmut       0%         3d3       100%        5


Dungeon Overview and Level Annotations

Branches:
Dungeon (10/15)            Temple (1/1) D:7            Lair (1/6) D:10
    Orc (0/2) D:9           Sewer (visited)         Ossuary (visited)

Altars:
Cheibriados
Elyvilon
Fedhas
Hepliaklqana
Kikubaaqudgha
Nemelex Xobeh
Okawaru
Qazlal
Uskayaw
Vehumet
Zin
The Shining One

Annotations:
D:10 3 runed translucent doors, reriks's ghost, novice DEWz


Innate Abilities, Weirdness & Mutations

You are immune to sickness and miasma.
Your stone body is resilient. (AC +8)
You are immune to poison.
You resist negative energy. (rN+)
You are resistant to electric shocks. (rElec)
You are resistant to unholy torment.
You are immune to petrification.


Message History

You block the komodo dragon's attack.
You hit the komodo dragon. You burn the komodo dragon.
The komodo dragon is almost dead.
You block the komodo dragon's attack.
You hit the komodo dragon but do no damage.
The komodo dragon is almost dead.
You block the komodo dragon's attack.
You hit the komodo dragon. You burn the komodo dragon.
You kill the komodo dragon!
Okawaru accepts your kill.
A komodo dragon comes into view.
The komodo dragon hisses angrily.
An eight-headed hydra comes into view.
The eight-headed hydra roars!
You see here 24 stones.
The eight-headed hydra bites you but does no damage.
The eight-headed hydra barely misses you.
The eight-headed hydra bites you.
* * * LOW HITPOINT WARNING * * *
The eight-headed hydra bites you but does no damage. x3
The eight-headed hydra barely misses you.
You block the eight-headed hydra's attack.
You enter the shallow water.
Moving in this stuff is going to be slow.
The eight-headed hydra bites you but does no damage. x3
You block the eight-headed hydra's attack.
The eight-headed hydra bites you but does no damage. x2
The eight-headed hydra bites you.
* * * LOW HITPOINT WARNING * * *
The eight-headed hydra bites you but does no damage.
The eight-headed hydra barely misses you.
You block the eight-headed hydra's attack.
The eight-headed hydra bites you but does no damage. x2
You block the eight-headed hydra's attack.
The eight-headed hydra bites you but does no damage. x3
The eight-headed hydra bites you but does no damage.
The eight-headed hydra bites you.
* * * LOW HITPOINT WARNING * * *
The eight-headed hydra bites you!
You die...

.+...........≈...............
.#####.#P≈.≈≈≈≈≈≈.............
.........≈≈≈≈≈≈≈≈.............
.........≈≈≈≈≈≈≈≈≈............
.........≈≈≈.≈≈≈≈≈...........
.#####.#≈≈≈≈.<.≈≈≈≈.........
.#####.#≈≈≈≈≈..≈≈≈.####.....
..#.#..?.≈≈≈≈≈≈≈≈≈≈#.# .....
.###......≈≈≈≈≈≈@≈...# ...
.P#......≈≈≈≈≈≈≈D....## ..
...#....##..≈≈≈≈......#
........###...≈≈.....#......#
.####..###...l###.#'###.....#
.## #P.###....#P##....#.....#
..####..#.#..................
............(................
.............................


You could see an eight-headed hydra and a komodo dragon.

Vanquished Creatures
  Harold (D:7)
  A catoblepas (D:10)
  A centaur warrior (D:9)
  2 two-headed ogres
  A cane toad (Lair:1)
  A komodo dragon (Lair:1)
  2 trolls (D:10)
  3 wyverns
  10 yaks (D:10)
  2 wraiths
  Menkaure (D:4)
  A water moccasin (Lair:1)
  An acid dragon (D:8)
  3 orc warriors
  A black bear (D:5)
  2 wolves
  A necrophage (D:5)
  2 ogres
  5 centaurs
  A phantom (D:5)
  3 kobold brigands
  5 bullfrogs
  7 gnoll sergeants
  3 scorpions
  A wyvern zombie (D:6)
  A water moccasin skeleton (D:5)
  2 electric eels (D:10)
  A howler monkey (D:5)
  A centaur zombie (D:3)
  3 gnoll shamans
  13 hounds
  3 orc priests
  A jelly (D:6)
  2 scorpion zombies (D:3)
  An iguana (D:6)
  15 orc wizards
  2 killer bee zombies (D:5)
  2 hound skeletons
  2 hound zombies
  9 mummies
  A howler monkey zombie (D:9)
  35 gnolls
  6 adders
  5 howler monkey skeletons
  2 shadow imps
  4 white imps
  2 ufetubi
  2 adder skeletons (D:3)
  3 worms
  2 dart slugs
  39 orcs
  7 ball pythons
  4 endoplasms
  5 giant cockroaches
  9 hobgoblins
  9 jackals
  17 kobolds
  2 quokkas
  A ball python skeleton (D:3)
  7 bats
  A frilled lizard (D:3)
  4 goblins
  2 hobgoblin zombies (Ossuary)
  2 kobold zombies (Ossuary)
  4 orc zombies (Ossuary)
  A quokka skeleton (D:3)
  A quokka zombie (D:3)
  16 rats
312 creatures vanquished.

Vanquished Creatures (others)
  A sky beast (D:7)
  5 plants
  A withered plant (D:3)
7 creatures vanquished.

Grand Total: 319 creatures vanquished

Notes
Turn   | Place    | Note
-------+----------+-------------------------------------------
     0 | D:1      | bande the Gargoyle Fighter began the quest for the Orb.
     0 | D:1      | Reached XP level 1. HP: 14/14 MP: 1/1
   106 | D:1      | Reached XP level 2. HP: 19/19 MP: 2/2
   306 | D:1      | Reached skill level 2 in Axes
   519 | D:1      | Found a faded altar of an unknown god.
   715 | D:2      | Reached XP level 3. HP: 12/24 MP: 3/3
  1104 | D:2      | Reached XP level 4. HP: 8/29 MP: 4/4
  2494 | D:2      | Reached skill level 3 in Axes
  2494 | D:2      | Reached XP level 5. HP: 11/33 MP: 5/5
  3175 | D:3      | Reached XP level 6. HP: 35/38 MP: 6/6
  3430 | D:4      | Reached skill level 4 in Axes
  3738 | D:4      | Reached XP level 7. HP: 44/44 MP: 7/7
  3783 | D:4      | Found a glowing golden altar of the Shining One.
  3951 | D:4      | Noticed Menkaure
  3957 | D:4      | Killed Menkaure
  3958 | D:4      | Reached skill level 5 in Shields
  4281 | D:5      | Entered Level 5 of the Dungeon
  4307 | D:5      | Reached skill level 5 in Axes
  4325 | D:5      | Reached skill level 1 in Dodging
  4363 | D:5      | Reached skill level 5 in Armour
  4367 | D:5      | Reached XP level 8. HP: 15/48 MP: 8/8
  4427 | D:5      | Found a glowing drain.
  4436 | Sewer    | Entered a sewer
  4666 | Sewer    | Reached skill level 5 in Fighting
  4682 | Sewer    | Found a glowing silver altar of Zin.
  4862 | D:5      | Reached skill level 6 in Axes
  5360 | D:5      | Found a snail-covered altar of Cheibriados.
  5600 | D:5      | Reached XP level 9. HP: 53/54 MP: 9/9
  5760 | D:5      | Reached skill level 7 in Axes
  5940 | D:5      | Reached skill level 1 in Evocations
  6570 | D:6      | Found an ancient bone altar of Kikubaaqudgha.
  7035 | D:6      | Noticed a two-headed ogre
  7042 | D:6      | Killed a two-headed ogre
  7043 | D:6      | Reached skill level 8 in Axes
  7458 | D:7      | Reached XP level 10. HP: 60/60 MP: 10/10
  7572 | D:7      | Noticed Harold
  7591 | D:7      | Killed Harold
  7970 | D:7      | Found a hide-covered altar of Uskayaw.
  8073 | D:7      | Found a staircase to the Ecumenical Temple.
  8082 | Temple   | Entered the Ecumenical Temple
  8087 | Temple   | Became a worshipper of Warmaster Okawaru
  8411 | D:8      | Reached skill level 9 in Axes
  8443 | D:8      | Found a sand-covered staircase.
  8453 | Ossuary  | Entered an ossuary
  9257 | D:8      | Found a radiant altar of Vehumet.
  9614 | D:9      | Noticed a two-headed ogre
  9632 | D:9      | Killed a two-headed ogre
  9632 | D:9      | Reached * piety under Okawaru
  9843 | D:9      | Noticed a centaur warrior
  9848 | D:9      | Found a stormy altar of Qazlal.
 10248 | D:8      | Reached XP level 11. HP: 66/66 MP: 11/11
 10272 | D:9      | Killed a centaur warrior
 10273 | D:9      | Reached skill level 1 in Invocations
 10273 | D:9      | Reached skill level 5 in Evocations
 10747 | D:9      | Found a staircase to the Orcish Mines.
 10852 | D:10     | Entered Level 10 of the Dungeon
 11021 | D:10     | Reached ** piety under Okawaru
 11308 | D:10     | Found a staircase to the Lair.
 11622 | D:10     | Reached *** piety under Okawaru
 11876 | D:10     | Reached skill level 10 in Axes
 11994 | D:10     | Noticed a catoblepas
 11996 | D:10     | Found a runed translucent gate.
 11996 | D:10     | Found a runed translucent gate.
 11996 | D:10     | Found a runed translucent gate.
 11998 | D:10     | Noticed a ten-headed hydra
 12003 | D:10     | Noticed reriks's ghost (novice DEWz)
 12030 | D:10     | Killed a catoblepas
 12255 | D:10     | Found a hazy altar of Hepliaklqana.
 12256 | D:10     | Found a faded altar of an unknown god.
 12258 | D:10     | Found a faded altar of an unknown god.
 12495 | D:10     | Found a sparkling altar of Nemelex Xobeh.
 12719 | Lair:1   | Entered Level 1 of the Lair of Beasts
 12951 | Lair:1   | Noticed an eight-headed hydra
 12963 | Lair:1   | Slain by an eight-headed hydra

Illustrated notes

Levels and vault maps discovered:
D:1:      lightli_arrival_noodles, layout_rooms, ebering_ecumenical_altar_box
D:2:      layout_basic, minmay_crystal_room, minmay_misc_feat_diagonals,
          minmay_pentomino_w4
D:3:      layout_basic, serial_undead, serial_undead_d, serial_undead_e,
          serial_undead_b, serial_undead_a, serial_undead_e
D:4:      layout_loops_ring, lemuel_crystal_altar, st_stairs_5, uniq_menkaure
D:5:      layout_cave_pools, kennysheep_slug_shrine, serial_gnoll_camp,
          gnoll_camp_medium_02, gnoll_camp_huts_moat, gnoll_camp_mini_house,
          gnoll_camp_mini_hut, portal_sewer_entry_e, hangedman_decor_peaks_small
D:6:      layout_rooms, kiku_gazebo_garden_becter, minmay_misc_feat_x
D:7:      layout_rooms, general_overflow_altar, minmay_temple_entry_junction,
          kennysheep_generic_room_10, uniq_harold
D:8:      layout_loops_ring, nicolae_vehumet_altar_sigil,
          gup_ossuary_entry_pyramid, st_stairs_8
D:9:      layout_rooms, grunt_qazlal_clouds, orc_0_dummy
D:10:     layout_gridville, overflow_temple_1_default,
          nicolae_hepliaklqana_ecumenical_no_more, erik_lair_island,
          gammafunk_ghost_hydra_chop
Temple:   zaba_magenta_temple
Lair:1:   layout_regular_city, infiniplex_staircase_pool_2

Skill      XL: |  1  2  3  4  5  6  7  8  9 10 11 |
---------------+----------------------------------+-----
Axes           | 2 3 4 5 6 8 9 10 | 10.2
Fighting       | 4 5 6 7 |  7.4
Shields        | 4 5 6 7 8 9 |  9.3
Armour         | 4 5 6 7 8 |  8.6
Dodging        | 1 2 |  2.8
Evocations     | 3 4 5 |  5.8
Invocations    | 3 |  3.5

Action                   |  1- 3 |  4- 6 |  7- 9 | 10-12 || total
-------------------------+-------+-------+-------+-------++-------
Melee: War axe           |   101 |   153 |   334 |    66 ||   654
       Hand axe          |       |       |       |   444 ||   444
Invok: Heroism           |       |       |       |     1 ||     1
  Use: Scroll            |     4 |     4 |     9 |     4 ||    21
       Potion            |       |       |     5 |     1 ||     6
Armor: Scale mail        |    66 |   100 |   211 |       ||   377
       Plate armour      |       |       |     2 |   392 ||   394
Dodge: Dodged            |    31 |    64 |   150 |   142 ||   387
Block: Kite shield       |    61 |    90 |   271 |   377 ||   799

Table legend: (Time is in decaauts)
 A = Elapsed time spent in this place.
 B = Non-inter-level travel time spent in this place.
 C = Inter-level travel time spent in this place.
 D = Time resting spent in this place.
 E = Time spent auto-exploring this place.
 F = Levels seen in this place.
 G = Mean time per level.
                   A        B        C        D        E       F      G
               +--------+--------+--------+--------+--------+-----+--------+
         Total |  13283 |  13272 |     11 |   3950 |   6154 |  14 |  948.8 |
       Dungeon |  12237 |  12226 |     11 |   3619 |   5743 |  10 | 1223.7 |
        Temple |     11 |     11 |      0 |      0 |      0 |   1 |   11.0 |
          Lair |    245 |    245 |      0 |      0 |    175 |   1 |  245.0 |
         Sewer |    342 |    342 |      0 |    147 |    122 |   1 |  342.0 |
       Ossuary |    446 |    446 |      0 |    184 |    113 |   1 |  446.0 |
               +--------+--------+--------+--------+--------+-----+--------+

Top non-repeatable levels by time:
     D:5: 2013 daAuts
    D:10: 1859 daAuts
     D:2: 1695 daAuts
     D:8: 1304 daAuts
     D:3: 1126 daAuts
     D:6: 966 daAuts
     D:4: 945 daAuts
     D:9: 919 daAuts
     D:7: 737 daAuts
     D:1: 667 daAuts
 Ossuary: 446 daAuts
   Sewer: 342 daAuts
  Lair:1: 245 daAuts
  Temple: 11 daAuts
